 Dungeon Crawl Stone Soup version 0.23.0-2-g0fe3ce5 (webtiles) character file.

Game seed: 12116200035096931360

111 Kairos the Chopper (level 4, -2/24 HPs)
             Began as a Vine Stalker Monk on Feb 19, 2019.
             Slain by a gnoll
             ... wielding a +0 club
              (4 damage)
             ... on level 2 of the Dungeon.
             The game lasted 00:04:20 (1917 turns).

Kairos the Chopper (Vine Stalker Monk)              Turns: 1917, Time: 00:04:23

Health: -2/24      AC:  7    Str: 14    XL:     4   Next: 92%
Magic:  0/5        EV: 11    Int: 10    God:
Gold:   50         SH:  0    Dex: 17    Spells: 3/3 levels left

rFire    + . .     SeeInvis .   a - +0 hand axe
rCold    . . .     Gourm    .   (no shield)
rNeg     . . .     Faith    .   d - +0 scale mail
rPois    .         Spirit   +   (no helmet)
rElec    .         Reflect  .   (no cloak)
rCorr    .         Harm     .   (no gloves)
MR       .....                  l - +0 pair of boots
Stlth    ++........             (no amulet)
HPRegen  0.48/turn              (no ring)
MPRegen  0.09/turn              (no ring)

@: no status effects
A: fangs 2, fire resistance 1, regeneration 1, magic shield, antimagic bite, no
potion heal 3, rot immunity, sturdy frame 1
a: no special abilities


You were on level 2 of the Dungeon.
You were not hungry.

You visited 1 branch of the dungeon, and saw 3 of its levels.

You collected 50 gold pieces.

Inventory:

Hand Weapons
 a - a +0 hand axe (weapon)
Missiles
 e - 3 poisoned javelins (quivered)
Armour
 b - a +0 robe
 d - a +0 scale mail (worn)
 k - a +0 ring mail
 l - a +0 pair of boots (worn)
Scrolls
 f - a scroll of amnesia
 g - 2 scrolls of magic mapping
 i - a scroll of teleportation
Potions
 h - a potion of flight
 m - a potion of curing
 p - a potion of agility {unknown}
Comestibles
 c - 3 rations
 n - a chunk of flesh


   Skills:
 + Level 3.1 Fighting
 + Level 3.7 Axes
 + Level 0.7 Armour
 + Level 2.8 Dodging
 + Level 3.6 Stealth


You had 3 spell levels left.
You didn't know any spells.
Your spell library was empty.

Dungeon Overview and Level Annotations

Branches:
Dungeon (3/15)

Altars:


Innate Abilities, Weirdness & Mutations

You have extremely sharp teeth.
Your natural rate of healing is unusually fast.
When hurt, damage is shared between your health and your magic reserves.
Your bite disrupts and absorbs the magic of your enemies.
Potions cannot restore your health.
You are immune to rotting.
Your flesh is heat resistant. (rF+)
Your movements are slightly less encumbered by armour. (ER -2)


Message History

The gnoll hits you but does no damage.
You rip the net and break free!
The gnoll barely misses you. The rat barely misses you. The gnoll misses you.
The gnoll closely misses you. The gnoll hits you but does no damage.
The gnoll hits you from afar with a +0 spear!
* * * LOW HITPOINT WARNING * * *
The rat bites you.
* * * LOW HITPOINT WARNING * * *
The gnoll barely misses you.
The gnoll hits you from afar with a +0 halberd.
* * * LOW HITPOINT WARNING * * *
You climb upwards.
There is a stone staircase leading down here.
You hit the gnoll. Your bite misses the gnoll.
The gnoll is heavily wounded.
Your scale mail prevents you from hitting the rat.
You barely miss the gnoll. The rat misses you. The gnoll hits you.
* * * LOW HITPOINT WARNING * * *
The gnoll hits you with a +0 club.
You die...

......###..)..#.# #.##.†# ......#
#..##.#.# ##.##...
...##.###..##.#.# #...##..
..###†.....)....# #...####
......#######.###### #...#
..########.........### #...# #
####.......#..#......# #...# ##
...#.......#..#gr#.#.#####...###.
##.#.......#....@#.#.............
#.#.......#.##g.#...............
##.#.......#.##..#.#.....).....>.
................)..#.#####...###.
##.#.......####......# #...# ##
...#.###.### #..##### #<..####
###..# ##.## #...# #...#...
##.#.#####.# ##.## #...#.##
.....#.....# #.# ##...#.##


You could see 2 gnolls and a rat.

Vanquished Creatures
  Terence (D:2)
  2 adders (D:2)
  A worm (D:2)
  A dart slug (D:2)
  3 giant cockroaches (D:1)
  4 goblins
  8 hobgoblins
  15 jackals
  A quokka (D:1)
  4 bats
  6 frilled lizards
  7 kobolds
  7 rats
60 creatures vanquished.

Notes
Turn   | Place    | Note
-------+----------+-------------------------------------------
     0 | D:1      | Kairos the Vine Stalker Monk began the quest for the Orb.
     0 | D:1      | Reached XP level 1. HP: 11/11 MP: 2/2
    88 | D:1      | Reached XP level 2. HP: 16/16 MP: 3/3
   533 | D:1      | Reached XP level 3. HP: 19/20 MP: 4/4
  1251 | D:2      | Noticed Terence
  1276 | D:2      | Killed Terence
  1276 | D:2      | Gained mutation: Your natural rate of healing is unusually
                  | fast. [Vine Stalker growth]
  1276 | D:2      | Reached XP level 4. HP: 4/24 MP: 2/5
  1867 | D:2      | Gained mutation: Your movements are slightly less
                  | encumbered by armour. (ER -2) [potion of mutation]
  1867 | D:2      | Gained mutation: Your flesh is heat resistant. (rF+)
                  | [potion of mutation]
  1917 | D:2      | Slain by a gnoll

Skill      XL: |  1  2  3 |
---------------+----------+-----
Fighting       | 3 |  3.1
Axes           | 3 |  3.7
Stealth        | 3 |  3.6
Armour         | |  0.7
Dodging        | |  2.8

Action                   |  1- 3 |  4- 6 || total
-------------------------+-------+-------++-------
Melee: Hand axe          |   119 |    64 ||   183
       Bite              |    24 |    17 ||    41
  Use: Scroll            |     4 |       ||     4
       Potion            |       |     5 ||     5
 Stab: Sleeping          |     9 |     2 ||    11
       Distracted        |     1 |       ||     1
       Invisible         |       |     7 ||     7
  Eat: Chunk             |     1 |     2 ||     3
Armor: Robe              |    14 |       ||    14
       Ring mail         |    16 |    20 ||    36
       Scale mail        |       |     5 ||     5
Dodge: Dodged            |    73 |    47 ||   120
